| TOP OF THE 1ST |
|
Portland Angels batting - Pitching for Houston Colt .45's : RHP Mike Wirick
|
|
Pitching: RHP Mike Wirick
|
|
|
Batting: RHB Dan Burkhart
|
0-0: Foul Ball, location: 2F 0-1: Ball 1-1: Called Strike 1-2: Foul Ball, location: 2F 1-2: Reached on error, E6 (Groundball, 6, EV 99.4 MPH)
|
|
Batting: LHB Dave Hicks
|
0-0: Ball 1-0: Ball Dan Burkhart steals 2nd base 2-0: Ground out 4-3 (Groundball, 4, EV 83.1 MPH) Dan Burkhart to third
|
|
Batting: LHB Mario Anguiano
|
0-0: Ball 1-0: Called Strike 1-1: Ball Wild Pitch! Dan Burkhart scores 2-1: Ball 3-1: Foul Ball, location: 2F 3-2: Base on Balls
|
|
Batting: RHB Juan Rosa
|
0-0: Ball 1-0: Fly out, F8 (Flyball, 8LM, EV 89.4 MPH)
|
|
Batting: LHB Spencer Palmer
|
0-0: Ball 1-0: Foul Ball, location: 2F Pickoff Throw to First - Out! 1-3
|
| Top of the 1st over - 1 run, 0 hits, 1 error, 0 left on base; Portland 1 - Houston 0 |
| BOTTOM OF THE 1ST |
|
Houston Colt .45's batting - Pitching for Portland Angels : RHP Chris DePalma
|
|
Pitching: RHP Chris DePalma
|
|
|
Batting: RHB Jason Monico
|
0-0: Ground out U3 (Groundball, 23, EV 83.8 MPH)
|
|
Batting: SHB Chris Keziah
|
0-0: Ball 1-0: Ball 2-0: Called Strike 2-1: Ball 3-1: Fly out, F5 (Line Drive, 5, EV 70.6 MPH)
|
|
Batting: RHB Bobby Dunn
|
0-0: Ground out 6-3 (Groundball, P, EV 85.0 MPH)
|
| Bottom of the 1st over - 0 runs, 0 hits, 0 errors, 0 left on base; Portland 1 - Houston 0 |
| TOP OF THE 2ND |
|
Portland Angels batting - Pitching for Houston Colt .45's : RHP Mike Wirick
|
|
Batting: LHB Spencer Palmer
|
0-0: Foul Ball, location: 2F 0-1: Ball 1-1: Ball 2-1: Called Strike 2-2: Ball 3-2: Base on Balls
|
|
Batting: LHB Griffin Ferris
|
0-0: Ball 1-0: Ball Passed Ball! Spencer Palmer to second 2-0: Ball 3-0: Called Strike 3-1: Called Strike 3-2: SINGLE (Groundball, 4D, EV 102.5 MPH) Spencer Palmer to third Runner from 3rd tries for Home, SAFE, throw by CF to home Griffin Ferris to second
|
|
Batting: RHB Dean LeCroy
|
0-0: Called Strike 0-1: Ball 1-1: Ball 2-1: Foul Ball, location: 2F 2-2: Ball 3-2: Base on Balls
|
|
Batting: LHB Mark Reeg
|
0-0: SINGLE (Groundball, 34D, EV 110.0 MPH) Griffin Ferris to third Dean LeCroy to second Runner from 3rd tries for Home, SAFE, throw by RF to home
|
|
Batting: SHB Danny Gelinas
|
0-0: Ball 1-0: Fly out, F7 (Flyball, 78M, EV 85.0 MPH)
|
|
Batting: RHB Dan Burkhart
|
0-0: Called Strike 0-1: Ball 1-1: Foul Ball, location: 2F 1-2: Foul Ball, location: 2F 1-2: Ball 2-2: SINGLE (Groundball, 34, EV 101.9 MPH) Dean LeCroy to third Mark Reeg to second Runner from 3rd tries for Home, SAFE, throw by RF to home Mark Reeg to third Dan Burkhart to second
|
|
Batting: LHB Dave Hicks
|
0-0: Called Strike 0-1: Ball 1-1: Called Strike 1-2: Foul Ball, location: 2F 1-2: Ball 2-2: Ball 3-2: Fly out, F6 (Line Drive, 6, EV 70.0 MPH)
|
|
Batting: LHB Mario Anguiano
|
0-0: Foul Ball, location: 2F 0-1: SINGLE (Line Drive, 9LS, EV 102.5 MPH) Mark Reeg scores Dan Burkhart to third Runner from 3rd tries for Home, throw by RF and OUT! 9-2
|
| Top of the 2nd over - 4 runs, 4 hits, 0 errors, 1 left on base; Portland 5 - Houston 0 |
| BOTTOM OF THE 2ND |
|
Houston Colt .45's batting - Pitching for Portland Angels : RHP Chris DePalma
|
|
Batting: RHB Juan Mendoza
|
0-0: Swinging Strike 0-1: Foul Ball, location: 2F 0-2: Foul Ball, location: 2F 0-2: Ball 1-2: Ball 2-2: Fly out, F5 (Popup, 5SF, EV 71.3 MPH)
|
|
Batting: RHB Nate Britton
|
0-0: Called Strike 0-1: Reached on error, E5 (Groundball, 56S, EV 90.6 MPH)
|
|
Batting: RHB To-wai Chen
|
0-0: Ball 1-0: Ball 2-0: Foul Ball, location: 2F 2-1: Called Strike 2-2: Ball 3-2: Foul Ball, location: 2F 3-2: Base on Balls Nate Britton to second
|
|
Batting: RHB Keith Goodwin
|
0-0: Foul Ball, location: 2F 0-1: Ball 1-1: Called Strike 1-2: SINGLE (Groundball, 6M, EV 104.4 MPH) (infield hit) Nate Britton to third To-wai Chen to second
|
|
Batting: RHB Jarno van Lente
|
0-0: Called Strike 0-1: Ball 1-1: Grounds into double play, 5-4-3 (Groundball, 5, EV 104.4 MPH)
|
| Bottom of the 2nd over - 0 runs, 1 hit, 1 error, 2 left on base; Portland 5 - Houston 0 |
| TOP OF THE 3RD |
|
Portland Angels batting - Pitching for Houston Colt .45's : RHP Mike Wirick
|
|
Batting: RHB Juan Rosa
|
0-0: Ball 1-0: Ball 2-0: Ball 3-0: Called Strike 3-1: Base on Balls
|
|
Batting: LHB Spencer Palmer
|
0-0: Ball 1-0: Foul Ball, location: 2F 1-1: Foul Ball, location: 2F 1-2: Ball 2-2: Ball 3-2: Fielders Choice at 2nd, 4-6 (Groundball, 4, EV 85.0 MPH)
|
|
Batting: LHB Griffin Ferris
|
0-0: Ball 1-0: Fly out, F8 (Flyball, 8RD, EV 88.1 MPH)
|
|
Batting: RHB Dean LeCroy
|
0-0: Ball Passed Ball! Spencer Palmer to second 1-0: Ground out 6-3 (Groundball, 6S, EV 72.5 MPH)
|
| Top of the 3rd over - 0 runs, 0 hits, 0 errors, 1 left on base; Portland 5 - Houston 0 |
| BOTTOM OF THE 3RD |
|
Houston Colt .45's batting - Pitching for Portland Angels : RHP Chris DePalma
|
|
Batting: SHB Miguel Sierra
|
0-0: Fly out, F7 (Line Drive, 7, EV 92.5 MPH)
|
|
Batting: RHB Jason Monico
|
0-0: Called Strike 0-1: Foul Ball, location: 2F 0-2: Foul Ball, location: 2F 0-2: Strikes out swinging
|
|
Batting: SHB Chris Keziah
|
0-0: Swinging Strike 0-1: Called Strike 0-2: Ball 1-2: Strikes out swinging
|
| Bottom of the 3rd over - 0 runs, 0 hits, 0 errors, 0 left on base; Portland 5 - Houston 0 |
| TOP OF THE 4TH |
|
Portland Angels batting - Pitching for Houston Colt .45's : RHP Mike Wirick
|
|
Batting: LHB Mark Reeg
|
0-0: Ball 1-0: Ball 2-0: Ball 3-0: Called Strike 3-1: Swinging Strike 3-2: Foul Ball, location: 2F 3-2: Strikes out looking
|
|
Batting: SHB Danny Gelinas
|
0-0: Ball 1-0: Called Strike 1-1: Ground out 1-3 (Groundball, 13S, EV 65.0 MPH)
|
|
Batting: RHB Dan Burkhart
|
0-0: Ball 1-0: Called Strike 1-1: Foul Ball, location: 2F 1-2: Ball 2-2: Reached on error, E6 (Groundball, 6, EV 101.3 MPH)
|
|
Batting: LHB Dave Hicks
|
0-0: Ball 1-0: Ball 2-0: Fly out, F2 (Popup, 2L, EV 88.8 MPH)
|
| Top of the 4th over - 0 runs, 0 hits, 1 error, 1 left on base; Portland 5 - Houston 0 |
| BOTTOM OF THE 4TH |
|
Houston Colt .45's batting - Pitching for Portland Angels : RHP Chris DePalma
|
|
Batting: RHB Bobby Dunn
|
0-0: Ball 1-0: Foul Ball, location: 2F 1-1: Ball 2-1: Ball 3-1: Swinging Strike 3-2: Foul Ball, location: 2F 3-2: Foul Ball, location: 2F 3-2: Foul Ball, location: 2F 3-2: Foul Ball, location: 2F 3-2: Base on Balls
|
|
Batting: RHB Juan Mendoza
|
0-0: Called Strike 0-1: Called Strike 0-2: Grounds into double play, 6-4-3 (Groundball, 6, EV 83.8 MPH)
|
|
Batting: RHB Nate Britton
|
0-0: Foul Ball, location: 2F 0-1: Ball 1-1: Ball 2-1: Ball 3-1: Called Strike 3-2: Foul Ball, location: 2F 3-2: Foul Ball, location: 2F 3-2: Ground out 5-3 (Groundball, 56S, EV 88.1 MPH)
|
| Bottom of the 4th over - 0 runs, 0 hits, 0 errors, 0 left on base; Portland 5 - Houston 0 |
| TOP OF THE 5TH |
|
Portland Angels batting - Pitching for Houston Colt .45's : RHP Mike Wirick
|
|
Batting: LHB Mario Anguiano
|
0-0: SOLO HOME RUN (Flyball, 9LD, EV 93.8 MPH), Distance : 351 ft
|
|
Batting: RHB Juan Rosa
|
0-0: Swinging Strike 0-1: Ball 1-1: Foul Ball, location: 2F 1-2: Fly out, F9 (Flyball, 89M, EV 93.1 MPH)
|
|
Batting: LHB Spencer Palmer
|
0-0: Ball 1-0: Ball 2-0: Called Strike 2-1: SINGLE (Groundball, 56D, EV 97.5 MPH)
|
|
Batting: LHB Griffin Ferris
|
0-0: Ball 1-0: Ball 2-0: Foul Ball, location: 2F 2-1: Fielders Choice at 2nd, 4-6 (Groundball, 4, EV 97.5 MPH)
|
|
Batting: RHB Dean LeCroy
|
0-0: Foul Ball, location: 2F 0-1: Swinging Strike 0-2: Strikes out looking
|
| Top of the 5th over - 1 run, 2 hits, 0 errors, 1 left on base; Portland 6 - Houston 0 |
| BOTTOM OF THE 5TH |
|
Houston Colt .45's batting - Pitching for Portland Angels : RHP Chris DePalma
|
|
Batting: RHB To-wai Chen
|
0-0: SINGLE (Line Drive, 8RS, EV 98.1 MPH)
|
|
Batting: RHB Keith Goodwin
|
0-0: Foul Ball, location: 2F 0-1: Foul Ball, location: 2F 0-2: Fly out, F8 (Flyball, 8RM, EV 93.1 MPH)
|
|
Batting: RHB Jarno van Lente
|
0-0: Called Strike 0-1: Called Strike 0-2: Strikes out looking
|
|
Batting: SHB Miguel Sierra
|
0-0: Called Strike To-wai Chen steals 2nd base 0-1: Called Strike 0-2: Ground out 4-3 (Groundball, 4S, EV 80.0 MPH)
|
| Bottom of the 5th over - 0 runs, 1 hit, 0 errors, 1 left on base; Portland 6 - Houston 0 |
| TOP OF THE 6TH |
|
Portland Angels batting - Pitching for Houston Colt .45's : RHP Mike Wirick
|
|
Batting: LHB Mark Reeg
|
0-0: Ground out 5-3 (Groundball, 5S, EV 85.0 MPH)
|
|
Batting: SHB Danny Gelinas
|
0-0: Ball 1-0: Swinging Strike 1-1: Ground out 4-3 (Groundball, 4S, EV 86.3 MPH)
|
|
Batting: RHB Dan Burkhart
|
0-0: Ball 1-0: Ball 2-0: Foul Ball, location: 2F 2-1: Foul Ball, location: 2F 2-2: Ground out 5-3 (Groundball, 56, EV 103.1 MPH)
|
| Top of the 6th over - 0 runs, 0 hits, 0 errors, 0 left on base; Portland 6 - Houston 0 |
| BOTTOM OF THE 6TH |
|
Houston Colt .45's batting - Pitching for Portland Angels : RHP Chris DePalma
|
|
Batting: RHB Jason Monico
|
0-0: Called Strike 0-1: Ball 1-1: Foul Ball, location: 2F 1-2: Ball 2-2: Ball 3-2: Base on Balls
|
|
Batting: SHB Chris Keziah
|
0-0: Ball 1-0: Foul Ball, location: 2F 1-1: Foul Ball, location: 2F 1-2: Ball 2-2: Foul Ball, location: 2F 2-2: DOUBLE (Line Drive, 9LS, EV 88.1 MPH) Jason Monico to third
|
|
Batting: RHB Bobby Dunn
|
0-0: Ball 1-0: Called Strike 1-1: Foul Ball, location: 2F 1-2: Ball 2-2: Ball 3-2: Base on Balls
|
|
Batting: RHB Juan Mendoza
|
0-0: Ball 1-0: Foul Ball, location: 2F 1-1: Ball 2-1: DOUBLE (Groundball, 5L, EV 98.8 MPH) Jason Monico scores Chris Keziah scores Bobby Dunn to third Runner from 3rd tries for Home, SAFE, throw by LF to home
|
|
Batting: RHB Nate Britton
|
0-0: Ball 1-0: Foul Ball, location: 2F 1-1: Ball 2-1: Swinging Strike 2-2: Strikes out swinging
|
|
Batting: RHB To-wai Chen
|
0-0: Called Strike 0-1: Called Strike 0-2: Ball 1-2: Ball 2-2: Ball 3-2: Fly out, F4 (Popup, 4M, EV 76.3 MPH)
|
|
Batting: RHB Keith Goodwin
|
0-0: Ball 1-0: Called Strike 1-1: Swinging Strike 1-2: Ball 2-2: Ball 3-2: Ground out 6-3 (Groundball, 6MD, EV 88.1 MPH)
|
| Bottom of the 6th over - 3 runs, 2 hits, 0 errors, 1 left on base; Portland 6 - Houston 3 |
| TOP OF THE 7TH |
|
Portland Angels batting - Pitching for Houston Colt .45's : RHP Mike Wirick
|
|
Pitching: RHP Russ Greer
|
|
|
Batting: LHB Dave Hicks
|
0-0: Called Strike 0-1: Ball 1-1: Swinging Strike 1-2: Strikes out swinging
|
|
Batting: LHB Mario Anguiano
|
0-0: Fly out, F8 (Line Drive, 8LD, EV 96.3 MPH)
|
|
Batting: RHB Juan Rosa
|
0-0: Swinging Strike 0-1: Swinging Strike 0-2: Ball 1-2: Foul Ball, location: 2F 1-2: Foul Ball, location: 2F 1-2: Ball 2-2: Strikes out swinging
|
| Top of the 7th over - 0 runs, 0 hits, 0 errors, 0 left on base; Portland 6 - Houston 3 |
| BOTTOM OF THE 7TH |
|
Houston Colt .45's batting - Pitching for Portland Angels : RHP Chris DePalma
|
|
Pitching: RHP Eli Mercedes
|
|
|
Batting: RHB Jarno van Lente
|
0-0: Called Strike 0-1: Foul Ball, location: 2F 0-2: Strikes out swinging
|
|
Batting: SHB Miguel Sierra
|
0-0: Swinging Strike 0-1: Fly out, F5 (Popup, 5S, EV 90.6 MPH)
|
|
Batting: RHB Jason Monico
|
0-0: Ball 1-0: Called Strike 1-1: Fly out, F8 (Flyball, 8RS, EV 71.9 MPH)
|
| Bottom of the 7th over - 0 runs, 0 hits, 0 errors, 0 left on base; Portland 6 - Houston 3 |
| TOP OF THE 8TH |
|
Portland Angels batting - Pitching for Houston Colt .45's : RHP Russ Greer
|
|
Pitching: LHP T.J. Westover
|
|
|
Batting: LHB Spencer Palmer
|
0-0: Ball 1-0: Fly out, F5 (Popup, 5SF, EV 61.3 MPH)
|
|
Batting: LHB Griffin Ferris
|
0-0: Ball 1-0: Foul Ball, location: 2F 1-1: Foul Ball, location: 2F 1-2: Ball 2-2: Foul Ball, location: 2F 2-2: Fly out, F4 (Flyball, 4D, EV 81.9 MPH)
|
|
Batting: RHB Dean LeCroy
|
0-0: Ball 1-0: Foul Ball, location: 2F 1-1: Called Strike 1-2: Ball 2-2: Strikes out looking
|
| Top of the 8th over - 0 runs, 0 hits, 0 errors, 0 left on base; Portland 6 - Houston 3 |
| BOTTOM OF THE 8TH |
|
Houston Colt .45's batting - Pitching for Portland Angels : RHP Eli Mercedes
|
|
Now at 1B: Jon Shonka
|
|
|
Now in CF: Areda Obote
|
|
|
Batting: SHB Chris Keziah
|
0-0: Ball 1-0: Ball 2-0: Ball 3-0: Called Strike 3-1: Base on Balls
|
|
Batting: RHB Bobby Dunn
|
0-0: Ball 1-0: Foul Ball, location: 2F 1-1: Ball 2-1: Foul Ball, location: 2F 2-2: Foul Ball, location: 2F 2-2: 2-RUN HOME RUN (Flyball, 7LD, EV 89.4 MPH), Distance : 338 ft
|
|
Batting: RHB Juan Mendoza
|
0-0: Called Strike 0-1: Ball 1-1: Fly out, F8 (Line Drive, 8LM, EV 98.8 MPH)
|
|
Batting: RHB Nate Britton
|
0-0: Ball 1-0: Ball 2-0: Ball 3-0: Called Strike 3-1: Base on Balls
|
|
Batting: RHB To-wai Chen
|
0-0: Ball 1-0: Fielders Choice at 2nd, 6-4 (Groundball, 6, EV 85.6 MPH)
|
|
Batting: RHB Keith Goodwin
|
0-0: Fielders Choice at 2nd, U6 (Groundball, 6M, EV 100.0 MPH)
|
| Bottom of the 8th over - 2 runs, 1 hit, 0 errors, 1 left on base; Portland 6 - Houston 5 |
| TOP OF THE 9TH |
|
Portland Angels batting - Pitching for Houston Colt .45's : LHP T.J. Westover
|
|
Pitching: RHP Tim Watson
|
|
|
Batting: LHB Mark Reeg
|
0-0: Foul Ball, location: 2F 0-1: Ball 1-1: Foul Ball, location: 2F 1-2: Ball 2-2: Strikes out swinging
|
|
Batting: SHB Danny Gelinas
|
0-0: Called Strike 0-1: Ball 1-1: Ball 2-1: Called Strike 2-2: Strikes out swinging
|
|
Batting: RHB Dan Burkhart
|
0-0: Ball 1-0: Foul Ball, location: 2F 1-1: Swinging Strike 1-2: Ball 2-2: Strikes out swinging
|
| Top of the 9th over - 0 runs, 0 hits, 0 errors, 0 left on base; Portland 6 - Houston 5 |
| BOTTOM OF THE 9TH |
|
Houston Colt .45's batting - Pitching for Portland Angels : RHP Eli Mercedes
|
|
Pitching: RHP Manuel Vega
|
|
|
Now in LF: Trevor Kingston
|
|
|
Batting: RHB Jarno van Lente
|
0-0: DOUBLE (Line Drive, 9LS, EV 101.9 MPH)
|
|
Batting: SHB Miguel Sierra
|
0-0: Ground out 3-1 (Groundball, 34, EV 84.4 MPH) Jarno van Lente to third
|
|
Batting: RHB Jason Monico
|
0-0: Ball 1-0: Bunted foul 1-1: Ground out 4-3 (Groundball, 13, EV 80.6 MPH)
|
|
Batting: SHB Chris Keziah
|
0-0: Ball 1-0: Foul Ball, location: 2F 1-1: Ball 2-1: SINGLE (Line Drive, 7LS, EV 99.4 MPH) Jarno van Lente scores
|
|
Batting: RHB Bobby Dunn
|
0-0: Ball 1-0: Ball 2-0: Called Strike 2-1: Fly out, F9 (Flyball, 89M, EV 90.0 MPH)
|
| Bottom of the 9th over - 1 run, 2 hits, 0 errors, 1 left on base; Portland 6 - Houston 6 |
| TOP OF THE 10TH |
|
Portland Angels batting - Pitching for Houston Colt .45's : RHP Tim Watson
|
|
Batting: LHB Dave Hicks
|
0-0: SINGLE (Groundball, 56S, EV 66.3 MPH) (infield hit)
|
|
Pinch Hitting: LHB Edgar van der Meeren
|
0-0: Ball 1-0: Foul Ball, location: 2F 1-1: Foul Ball, location: 2F 1-2: Ball 2-2: Ball 3-2: Base on Balls Dave Hicks to second
|
|
Batting: RHB Juan Rosa
|
0-0: Foul Ball, location: 2F 0-1: Foul Ball, location: 2F 0-2: Strikes out swinging
|
|
Batting: LHB Spencer Palmer
|
0-0: Ball Dave Hicks steals 3rd base 1-0: Ball 2-0: Ball 3-0: Base on Balls Edgar van der Meeren to second
|
|
Batting: LHB Griffin Ferris
|
0-0: Swinging Strike Passed Ball! Dave Hicks scores Edgar van der Meeren to third Spencer Palmer to second 0-1: Ball 1-1: Intentional Walk
|
|
Batting: RHB Areda Obote
|
0-0: Called Strike 0-1: Ball 1-1: Ball 2-1: Swinging Strike 2-2: Ball 3-2: Strikes out swinging
|
|
Batting: RHB Trevor Kingston
|
0-0: Ball 1-0: Called Strike 1-1: Swinging Strike 1-2: Ball 2-2: Strikes out swinging
|
| Top of the 10th over - 1 run, 1 hit, 0 errors, 3 left on base; Portland 7 - Houston 6 |
| BOTTOM OF THE 10TH |
|
Houston Colt .45's batting - Pitching for Portland Angels : RHP Manuel Vega
|
|
Now at 1B: Edward Hillock
|
|
|
Batting: RHB Juan Mendoza
|
0-0: SINGLE (Groundball, 6MD, EV 100.6 MPH)
|
|
Batting: RHB Nate Britton
|
0-0: Swinging Strike 0-1: Swinging Strike 0-2: Ball 1-2: Fly out, F5 (Line Drive, 5, EV 66.9 MPH)
|
|
Batting: RHB To-wai Chen
|
0-0: Fly out, F6 (Flyball, 6D, EV 90.6 MPH)
|
|
Batting: RHB Keith Goodwin
|
0-0: Foul Ball, location: 2F 0-1: Ball 1-1: Ball 2-1: Ball 3-1: Foul Ball, location: 2F 3-2: Ground out 4-3 (Groundball, 34S, EV 80.6 MPH)
|
| Bottom of the 10th over - 0 runs, 1 hit, 0 errors, 1 left on base; Portland 7 - Houston 6 |
|